 Dungeon Crawl Stone Soup version 0.30-a0-571-gdf30a72648 (webtiles) character file.

Game seed: 4493996919987253755

3948 Newt the Nimble (level 10, -6/76 HPs)
             Began as a Demonspawn Gladiator on Dec 29, 2022.
             Was a Priest of Okawaru.
             Mangled by a two-headed ogre
             ... wielding a +0 giant club
              (11 damage)
             ... on level 8 of the Dungeon.
             The game lasted 00:12:13 (7745 turns).

Newt the Nimble (Demonspawn Gladiator)              Turns: 7745, Time: 00:12:14

Health: -6/76      AC:  9    Str: 19    XL:     10   Next: 2%
Magic:  10/10      EV: 22    Int: 10    God:    Okawaru [***...]
Gold:   439        SH:  5    Dex: 20    Spells: 9/9 levels left

rFire   . . .      SeeInvis .    b - +1 whip (elec)
rCold   . . .      Faith    .    (no shield)
rNeg    . . .      Spirit   .    h - +0 leather armour
rPois   .          Reflect  +    (no helmet)
rElec   .          Harm     .    (no cloak)
rCorr   .          Rampage  .    (no gloves)
Will    .....                    (no boots)
Stlth   ++                       p - amulet of reflection
HPRegen 0.32/turn                q - +6 ring of dexterity
MPRegen 0.24/turn                l - +5 ring of evasion

@: sanguine armoured
A: powered by death 1, magic regeneration, sanguine armour 1, demonic touch 1,
passive freeze
a: Renounce Religion, Heroism


You were on level 8 of the Dungeon.
You worshipped Okawaru.
Okawaru was most pleased with you.
You visited 2 branches of the dungeon, and saw 9 of its levels.

You collected 439 gold pieces.

Inventory:

Hand Weapons
 a - a +1 sling of draining
 b - a +1 whip of electrocution (weapon)
 H - a +0 rapier
Missiles
 d - 4 throwing nets (quivered)
 e - 3 javelins
 y - 2 atropa-tipped darts
 F - 10 poisoned darts
Armour
 c - a +1 helmet
 h - a +0 leather armour (worn)
Jewellery
 j - a +6 ring of strength
 l - a +5 ring of evasion (right hand)
 m - a ring of poison resistance
 o - a ring of see invisible
 p - an amulet of reflection (around neck)
 q - a +6 ring of dexterity (left hand)
 r - a ring of wizardry
 w - a ring of flight
 z - a ring of willpower
Wands
 A - a wand of roots (4)
 B - a wand of mindburst (19)
Scrolls
 f - 2 scrolls of enchant armour
 k - a scroll of immolation
 C - 2 scrolls of blinking
 D - a scroll of enchant weapon
 E - 2 scrolls of brand weapon
 I - a scroll of teleportation
 J - a scroll of vulnerability
Potions
 g - 2 potions of curing
 i - 2 potions of magic
 n - 2 potions of mutation
 s - 4 potions of might
 t - 2 potions of haste
 v - 3 potions of degeneration
 x - a potion of cancellation
 G - a potion of heal wounds {unknown}


   Skills:
 - Level 6.0 Fighting
 - Level 3.2 Short Blades
 - Level 7.0 Ranged Weapons
 - Level 1.7 Throwing
 - Level 5.0 Armour
 - Level 8.0 Dodging
 - Level 2.0 Stealth
 + Level 2.8 Evocations


You had 9 spell levels left.
You didn't know any spells.
Your spell library contained the following spells:

 Spells                   Type           Power      Damage    Failure   Level
 Necrotise                Necr           0%         1d4       41%         1
 Ozocubu's Armour         Ice            0%         N/A       78%         3
 Ozocubu's Refrigeration  Ice            0%         4d7       100%        7


Dungeon Overview and Level Annotations

Branches:
Dungeon (8/15)             Temple (1/1) D:5
   Lair: D:8-11

Altars:
Ashenzari
Cheibriados
Dithmenos
Fedhas
Gozag
Hepliaklqana
Kikubaaqudgha
Makhleb
Okawaru
Qazlal
Ru
Sif Muna
Trog
Vehumet
Wu Jian
Xom


Innate Abilities, Weirdness & Mutations

You regenerate a little health from kills.
You regenerate magic rapidly.
When seriously injured, your blood forms armour. (AC +6)
Your touch may inflict minor irresistible damage on your foes.
A frigid envelope surrounds you and freezes all who hurt you.


Message History

The two-headed ogre is heavily wounded.
Throw: 5 darts (atropa)
Press: ? - help, Shift-Dir - straight line, f - two-headed ogre
Aim: a two-headed ogre, wielding two +0 giant clubs (heavily wounded, 78% to hit, chance to blind on hit: 3%)
You throw an atropa-tipped dart.
The atropa-tipped dart hits the two-headed ogre.
The two-headed ogre resists.
The two-headed ogre is heavily wounded.
The two-headed ogre closely misses you. The two-headed ogre barely misses you.
Throw: 4 darts (atropa)
Press: ? - help, Shift-Dir - straight line, f/p - two-headed ogre
Aim: a two-headed ogre, wielding two +0 giant clubs (heavily wounded, 78% to hit, chance to blind on hit: 3%)
You throw an atropa-tipped dart.
The atropa-tipped dart hits the two-headed ogre.
The two-headed ogre resists.
The two-headed ogre is heavily wounded.
Throw: 3 darts (atropa)
Press: ? - help, Shift-Dir - straight line, f/p - two-headed ogre
Aim: a two-headed ogre, wielding two +0 giant clubs (heavily wounded, 78% to hit, chance to blind on hit: 3%)
You throw an atropa-tipped dart.
The atropa-tipped dart hits the two-headed ogre.
The two-headed ogre resists.
The two-headed ogre is heavily wounded.
The two-headed ogre hits you with a +0 giant club!
* * * LOW HITPOINT WARNING * * *
The two-headed ogre barely misses you.
You drop a potion of mutation.
Aiming: Mindburst
Press: ? - help, Shift-Dir - straight line, f/p - two-headed ogre
Aim: a two-headed ogre, wielding two +0 giant clubs (heavily wounded, chance to affect: 59%)
The two-headed ogre resists with significant effort.
The two-headed ogre misses you.
The two-headed ogre completely misses you.
Aiming: Mindburst
Press: ? - help, Shift-Dir - straight line, f/p - two-headed ogre
Aim: a two-headed ogre, wielding two +0 giant clubs (heavily wounded, chance to affect: 59%)
The two-headed ogre's minds are blasted!!
The two-headed ogre completely misses you.
The two-headed ogre hits you with a +0 giant club!
You die...

#..#####.####.##.###.
...............#.# #.
#.#.###...###..#.# #.
#.#.......# #..#.# #.
#.#..###..# #..#.# #.
#.#.......# ####.# ##
#........## #.#
.#######.#### #.#
......O@.# #.####
.######..# #.....
#..# #.#### #..#
#..... #..# #.....
.... #..... #..#
#..... #### #.....
####.....


You could see a two-headed ogre.

Vanquished Creatures
  Joseph (D:7)
  A troll (D:6)
  Grinder (D:5)
  A hornet (D:6)
  Eustachio (D:6)
  3 water moccasins
  2 black bears
  4 ice beasts
  2 sky beasts
  2 ogres
  3 centaurs
  2 phantoms
  A bullfrog (D:7)
  3 necrophages
  4 scorpions
  2 vampire bats (D:3)
  3 hounds
  2 orc priests (D:5)
  2 iguanas
  3 jellies
  Jessica (D:2)
  4 orc wizards
  Robin (D:2)
  7 gnolls
  8 adders
  A shadow imp (D:4)
  2 ufetubi
  2 worms
  3 dart slugs
  22 orcs
  8 ball pythons
  4 bat skeletons (D:3)
  2 bat zombies (D:3)
  12 endoplasms
  6 giant cockroaches
  19 goblins
  9 hobgoblins
  7 jackals
  7 quokkas
  5 bats
  A frilled lizard (D:1)
  4 kobolds
  14 rats
192 creatures vanquished.

Vanquished Creatures (collateral kills)
  A worm (D:4)
1 creature vanquished.

Grand Total: 193 creatures vanquished

Notes
Turn   | Place    | Note
-------+----------+-------------------------------------------
     0 | D:1      | Newt the Demonspawn Gladiator began the quest for the Orb.
     0 | D:1      | Reached XP level 1. HP: 16/16 MP: 1/1
   424 | D:1      | Reached skill level 1 in Stealth
   640 | D:1      | Gained mutation: Your touch may inflict minor irresistible
                  | damage on your foes. [demonic ancestry]
   640 | D:1      | Reached XP level 2. HP: 22/22 MP: 2/2
  1005 | D:1      | Found a faded altar of an unknown god.
  1009 | D:1      | Got Plato's Incunabulum of Darkness
  1294 | D:2      | Reached XP level 3. HP: 28/28 MP: 3/3
  1353 | D:2      | Noticed Jessica
  1361 | D:2      | Killed Jessica
  1362 | D:2      | Reached XP level 4. HP: 37/37 MP: 4/4
  1519 | D:2      | Noticed Robin
  1632 | D:2      | Reached skill level 1 in Ranged Weapons
  1752 | D:2      | Killed Robin
  2154 | D:3      | Gained mutation: When seriously injured, your blood forms
                  | armour. (AC +6) [demonic ancestry]
  2154 | D:3      | Reached XP level 5. HP: 42/42 MP: 5/5
  2559 | D:3      | Noticed an ogre
  2590 | D:3      | Killed an ogre
  2591 | D:3      | Reached XP level 6. HP: 45/48 MP: 6/6
  2837 | D:3      | Found an ancient bone altar of Kikubaaqudgha.
  2843 | D:3      | Reached skill level 3 in Dodging
  3259 | D:4      | Reached skill level 4 in Dodging
  3339 | D:4      | Gained mutation: You have hidden genetic potential. [potion
                  | of mutation]
  3739 | D:4      | Reached XP level 7. HP: 54/54 MP: 7/7
  3809 | D:5      | Entered Level 5 of the Dungeon
  4089 | D:4      | Reached skill level 5 in Ranged Weapons
  4105 | D:4      | Gained mutation: You have a pair of small horns on your
                  | head. [hidden potential]
  4285 | D:4      | HP: 2/54 [shadow imp/nerve-wracking pain (9)]
  4527 | D:5      | Noticed Grinder
  4771 | D:5      | Gained mutation: You regenerate magic rapidly. [demonic
                  | ancestry]
  4771 | D:5      | Reached XP level 8. HP: 53/60 MP: 8/8
  4948 | D:5      | Found a staircase to the Ecumenical Temple.
  4964 | Temple   | Entered the Ecumenical Temple
  5137 | Temple   | Became a worshipper of Warmaster Okawaru
  5348 | D:5      | Paralysed by Grinder for 3 turns
  5376 | D:5      | Killed Grinder
  5377 | D:5      | Reached skill level 5 in Fighting
  5385 | D:5      | Gained mutation: You are covered in fur. (AC +1) [hidden
                  | potential]
  5385 | D:5      | Lost mutation: You have hidden genetic potential. [hidden
                  | potential expressed]
  5515 | D:5      | Reached * piety under Okawaru
  5520 | D:5      | Reached skill level 5 in Dodging
  5528 | D:5      | Lost mutation: You are covered in fur. (AC +1) [potion of
                  | mutation]
  5528 | D:5      | Lost mutation: You have a pair of small horns on your head.
                  | [potion of mutation]
  5528 | D:5      | Gained mutation: You are robust. (+10% HP) [potion of
                  | mutation]
  5528 | D:5      | Lost mutation: You are robust. (+10% HP) [potion of
                  | mutation]
  5528 | D:5      | Gained mutation: A frigid envelope surrounds you and
                  | freezes all who hurt you. [potion of mutation]
  5587 | D:5      | Found a hazy altar of Hepliaklqana.
  6225 | D:6      | Reached skill level 6 in Dodging
  6232 | D:6      | Reached XP level 9. HP: 69/69 MP: 9/9
  6272 | D:6      | Noticed Eustachio
  6284 | D:6      | Killed Eustachio
  6298 | D:6      | Reached ** piety under Okawaru
  6375 | D:6      | Noticed a troll
  6393 | D:6      | Killed a troll
  6394 | D:6      | Reached skill level 7 in Dodging
  6532 | D:6      | Paralysed by a hornet for 1 turns
  6647 | D:6      | Reached skill level 8 in Dodging
  6758 | D:6      | Reached skill level 1 in Armour
  6950 | D:7      | Found a broken altar of Ashenzari.
  6994 | D:7      | Reached *** piety under Okawaru
  7101 | D:7      | Found a radiant altar of Vehumet.
  7103 | D:7      | Noticed Joseph
  7125 | D:7      | Killed Joseph
  7126 | D:7      | Reached skill level 5 in Armour
  7126 | D:7      | Reached skill level 1 in Evocations
  7416 | D:8      | Found a sacrificial altar of Ru.
  7658 | D:8      | Gained mutation: You regenerate a little health from kills.
                  | [demonic ancestry]
  7658 | D:8      | Reached XP level 10. HP: 68/76 MP: 10/10
  7733 | D:8      | Noticed a two-headed ogre
  7745 | D:8      | Mangled by a two-headed ogre

Illustrated notes

Levels and vault maps discovered:
D:1:      wheals_arrival_shading, layout_basic,
          shapermc_ecumenical_altar_rom_forum
D:2:      layout_basic, minmay_rat_gold_closets, uniq_jessica, uniq_robin
D:3:      layout_rooms, kennysheep_vampire_church, minmay_ogre_servants
D:4:      layout_basic, serial_rivers, chequers_serial_rivers_small_a,
          chequers_serial_rivers_micro_d, chequers_serial_rivers_micro_c,
          chequers_serial_rivers_micro_b, chequers_serial_rivers_large_b,
          grunt_ministairs_5
D:5:      layout_rooms, overflow_temple_1_default,
          worldfamousw_hep_ancestral_shrine, temple_fountains,
          minmay_fractal_squares_gapless_5, uniq_grinder
D:6:      layout_rooms, lightli_orcish_oven, uniq_eustachio
D:7:      minmay_klotski, layout_cave_pools, fiery_altar_vehumet,
          evilmike_ruin_ashenzari, uniq_joseph
D:8:      black_bear_nest_2, layout_basic, nicolae_ru_awakened_eye,
          minmay_misc_feat_ornament, kennysheep_generic_room_5
Temple:   nicolae_temple_bog_church

Skill      XL: |  1  2  3  4  5  6  7  8  9 |
---------------+----------------------------+-----
Stealth        | 1 2 |  2.0
Fighting       | 3 4 6 |  6.0
Ranged Weapons | 2 3 4 6 7 |  7.0
Dodging        | 4 6 8 |  8.0
Short Blades   | 3 |  3.2
Armour         | 5 |  5.0
Evocations     | 2 |  2.8
Throwing       | |  1.7

Action                   |  1- 3 |  4- 6 |  7- 9 | 10-12 || total
-------------------------+-------+-------+-------+-------++-------
Melee: Rapier            |    33 |    21 |       |       ||    54
       Touch             |     3 |     3 |       |       ||     6
       Punch             |       |     1 |       |       ||     1
       Whip              |       |       |     3 |     5 ||     8
 Fire: Sling             |    74 |   301 |   432 |       ||   807
Throw: Throwing net      |       |     1 |       |       ||     1
       Dart              |       |       |       |     3 ||     3
Evoke: Wand              |       |       |       |     2 ||     2
  Use: Scroll            |     1 |     7 |     5 |     2 ||    15
       Potion            |       |     1 |     3 |       ||     4
 Stab: Sleeping          |     1 |       |       |     1 ||     2
Armor: Leather armour    |    19 |    86 |    52 |       ||   157
Dodge: Dodged            |    44 |   236 |   308 |     9 ||   597
Block: Other             |       |    21 |    77 |     1 ||    99
       Reflection        |       |       |     4 |       ||     4

Table legend: (Time is in decaauts)
 A = Elapsed time spent in this place.
 B = Non-inter-level travel time spent in this place.
 C = Inter-level travel time spent in this place.
 D = Time resting spent in this place.
 E = Time spent auto-exploring this place.
 F = Levels seen in this place.
 G = Mean time per level.
                   A        B        C        D        E       F      G
               +--------+--------+--------+--------+--------+-----+--------+
         Total |   7953 |   7636 |    317 |   2144 |   3999 |   9 |  883.7 |
       Dungeon |   7762 |   7476 |    286 |   2144 |   3852 |   8 |  970.2 |
        Temple |    191 |    161 |     30 |      0 |    147 |   1 |  191.0 |
               +--------+--------+--------+--------+--------+-----+--------+

Top non-repeatable levels by time:
     D:4: 1728 daAuts
     D:5: 1325 daAuts
     D:2: 1071 daAuts
     D:1: 1067 daAuts
     D:3: 1014 daAuts
     D:6: 683 daAuts
     D:7: 503 daAuts
     D:8: 368 daAuts
  Temple: 191 daAuts
